 Dungeon Crawl Stone Soup version 0.31-b1-22-gc680215f68 (webtiles) character file.

Game seed: 11846195883312291215

22 H0rd4k the Charlatan (level 2, -1/22 HPs)
             Began as a Human Artificer on Jan 18, 2024.
             Frozen to death by an endoplasm (5 damage)
             ... on level 1 of the Dungeon.
             The game lasted 00:00:35 (504 turns).

H0rd4k the Charlatan (Human Artificer)               Turns: 504, Time: 00:00:36

Health: -1/22      AC:  4    Str: 12    XL:     2   Next: 91%
Magic:  2/2        EV: 11    Int: 11    God:
Gold:   33         SH:  0    Dex: 13    Spells: 1/1 levels left

rFire   . . .        a - +0 club
rCold   . . .        (no shield)
rNeg    . . .        b - +0 leather armour
rPois   .            (no helmet)
rElec   .            (no cloak)
rCorr   .            i - +0 pair of gloves
SInv    .            (no boots)
Will    .....        (no amulet)
Stlth   +            (no ring)
HPRegen 0.23/turn    (no ring)
MPRegen 0.08/turn

%: no passive effects
@: no status effects
A: explore regen
a: no special abilities


You were on level 1 of the Dungeon.
You visited 1 branch of the dungeon, and saw 1 of its levels.

You collected 33 gold pieces.

Inventory:

Hand Weapons
 a - a +0 club (weapon)
Armour
 b - a +0 leather armour (worn)
 i - a +0 pair of gloves (worn)
Wands
 c - a wand of flame (15) (quivered)
 d - a wand of charming (15)
 e - a wand of iceblast (5)
Scrolls
 f - a scroll of revelation {unknown}
 g - 4 scrolls of noise {unknown}
 h - a scroll of fear {unknown}
 j - a scroll of identify {unknown}


   Skills:
 + Level 2.2 Fighting
 + Level 1.3 Maces & Flails
 - Level 2.0 Armour
 - Level 1.0 Dodging
 - Level 1.0 Stealth
 - Level 3.0 Evocations


You had one spell level left.
You didn't know any spells.
Your spell library contained the following spells:

 Spells                   Type           Power      Damage    Failure   Level
 Fugue of the Fallen      Necr           0%         N/A       80%         3
 Ozocubu's Armour         Ice            0%         N/A       80%         3
 Manifold Assault         Tloc           0%         N/A       99%         4


Dungeon Overview and Level Annotations

Branches:
Dungeon (1/15)

Altars:


Innate Abilities, Weirdness & Mutations

You regain HP and MP as you explore.


Message History

The jackal is heavily wounded.
The bat closely misses you. The bat misses you. The bat barely misses you.
The jackal barely misses you. x2
You barely miss the jackal.
The jackal is heavily wounded.
The bat barely misses you. The bat hits you but does no damage.
The bat closely misses you. The jackal barely misses you.
The bat hits you but does no damage.
You closely miss the jackal.
The jackal is heavily wounded.
The bat misses you. The jackal bites you.
The jackal bites you but does no damage.
The bat closely misses you.
You hit the jackal.
You kill the jackal!
The bat barely misses you. The bat hits you but does no damage.
The bat closely misses you.
You hit the endoplasm but do no damage. The bat hits you but does no damage. x4
The endoplasm closely misses you. The bat hits you.
You hit the endoplasm but do no damage. The bat barely misses you. x2
The endoplasm hits you. The bat barely misses you.
You hit the endoplasm but do no damage. The bat hits you. The bat misses you.
The bat hits you but does no damage. The endoplasm barely misses you.
The endoplasm hits you.
You hit the endoplasm.
The endoplasm is almost dead.
The bat barely misses you. The bat closely misses you.
The endoplasm freezes you.
You are frozen.
* * * LOW HITPOINT WARNING * * *
You hit the endoplasm but do no damage.
The endoplasm is almost dead.
The bat hits you but does no damage. The bat misses you.
The endoplasm hits you but does no damage.
You barely miss the endoplasm.
The endoplasm is almost dead.
The bat hits you but does no damage. x2; The bat barely misses you.
The endoplasm freezes you.
You are frozen.
You die...

.# .#### #### ....#
....## ....+ ...... ....#
....# ....# ##...# .####
#... #
.#################.##.#
.........##.....@J....#
..............bb##.##...#
.........##.....#.....# #
###....#####....#..##.#
......... #.......# ..
.#..##.#####.)..#... ##
.#..##....####..#..#
.#..##....#####.....
.............# .b..#


You could see an endoplasm and 2 bats.

Vanquished Creatures
  4 endoplasms (D:1)
  2 goblins (D:1)
  2 hobgoblins (D:1)
  4 jackals (D:1)
  A quokka (D:1)
  A ball python (D:1)
  A frilled lizard (D:1)
  2 kobolds (D:1)
  3 rats (D:1)
20 creatures vanquished.

Notes
Turn   | Place    | Note
-------+----------+-------------------------------------------
     0 | D:1      | H0rd4k the Human Artificer began the quest for the Orb.
     0 | D:1      | Reached XP level 1. HP: 15/15 MP: 1/1
   138 | D:1      | Reached XP level 2. HP: 14/22 MP: 2/2
   403 | D:1      | Reached skill level 1 in Maces & Flails
   504 | D:1      | Frozen to death by an endoplasm

Illustrated notes

Levels and vault maps discovered:
D:1:      psy_arrival_terrarium, layout_basic

Skill      XL: |  1  2 |
---------------+-------+-----
Fighting       | 2 |  2.2
Maces & Flails | 1 |  1.3
Armour         | |  2.0
Dodging        | |  1.0
Stealth        | |  1.0
Evocations     | |  3.0

Action                     || total
---------------------------++-------
  Melee: Club              ||    88
         Punch             ||     2
   Stab: Sleeping          ||     3
 Armour: Leather armour    ||   103
  Dodge: Dodged            ||    75
